 Dungeon Crawl Stone Soup version 0.24-a0-408-gcc1054c7ca (webtiles) character file.

Game seed: 2841242161379858169

0 Gargoyl the Skirmisher (level 1, -2/19 HPs)
             Began as a Centaur Abyssal Knight on June 5, 2019.
             Was a Follower of Lugonu.
             Slain by an angel
             ... wielding a +1 whip of holy wrath
              (4 damage)
             ... on level 1 of the Abyss.
             The game lasted 00:01:10 (269 turns).

Gargoyl the Skirmisher (Centaur Abyssal Knight)      Turns: 269, Time: 00:01:11

Health: -2/19      AC:  4    Str: 14    XL:     1   Next: 0%
Magic:  2/2        EV:  9    Int: 11    God:    Lugonu [*.....]
Gold:   33         SH:  0    Dex:  8    Spells: 0/0 levels left

rFire    . . .     SeeInvis .   a - +1 hand axe
rCold    . . .     Gourm    .   (no shield)
rNeg     . . .     Faith    .   b - +0 leather armour
rPois    .         Spirit   .   (no helmet)
rElec    .         Reflect  .   (no cloak)
rCorr    .         Harm     .   (no gloves)
MR       .....                  (no barding)
Stlth    ..........             (no amulet)
HPRegen  0.06/turn              (no ring)
MPRegen  0.08/turn              (no ring)

@: glowing, very quick
A: large, hooves 3, deformed body, speed 2, tough skin 3
a: Depart the Abyss, Renounce Religion


You were on level 1 of the Abyss.
You worshipped Lugonu.
Lugonu was aware of your devotion.
You were not hungry.

You visited 0 branches of the dungeon, and saw 0 of its levels.
You visited the Abyss 1 time.

You collected 33 gold pieces.

Inventory:

Hand Weapons
 a - a +1 hand axe (weapon)
Armour
 b - a +0 leather armour (worn)
Scrolls
 d - 2 scrolls of teleportation
Comestibles
 c - a ration


   Skills:
 + Level 3.0 Fighting
 + Level 1.7 Axes
 + Level 1.3 Armour
 + Level 0.6 Dodging
 + Level 2.0 Invocations


You couldn't memorise any spells.
You didn't know any spells.
Your spell library was empty.

Dungeon Overview and Level Annotations

Branches:
Dungeon (0/15)

Altars:


Innate Abilities, Weirdness & Mutations

You have hooves in place of feet.
Armour fits poorly on your strangely shaped body.
You cover ground very quickly.
You have extremely tough skin. (AC +3)


Message History

An iron imp comes into view.
The iron imp shouts, "Away with thee, thou erky common-kissing maggot-pie!"
The iron imp hits you. The iron imp puffs mist at you. The iron imp hits you.
A glowing orange brain and a large abomination come into view.
The glowing orange brain turns its attention towards you.
Found a sacrificial altar of Ru.
A ynoxinul comes into view.
The ynoxinul bellows!
The ynoxinul gestures.
An angel comes into view. It is wielding a +1 whip of holy wrath.
The angel hits you with a +1 whip of holy wrath!
* * * LOW HITPOINT WARNING * * *
The angel hits you with a +1 whip of holy wrath.
* * * LOW HITPOINT WARNING * * *
Unknown command.
Unknown command.
The angel hits you with a +1 whip of holy wrath.
You die...

####...# #.....#
.....# .## #
#####...# . . ##
#.#..# #.#.# #..
.##.##.....#
#.######.#..#.
#..#..##..#....#
##@A.##...#
#.##...##.#
#######.#.# .#.#
## . .


You could see an angel.

Vanquished Creatures (others)
  2 starspawn tentacles (Abyss:1)
2 creatures vanquished.

Notes
Turn   | Place    | Note
-------+----------+-------------------------------------------
     0 | Abyss:1  | Gargoyl the Centaur Abyssal Knight began the quest for the
                  | Orb.
     0 | Abyss:1  | Reached XP level 1. HP: 19/19 MP: 2/2
    79 | Abyss:1  | Noticed a sun demon
    99 | Abyss:1  | Noticed a rakshasa
   109 | Abyss:1  | Noticed a starcursed mass
   157 | Abyss:1  | Noticed a bone dragon
   183 | Abyss:1  | Noticed a tentacled starspawn
   211 | Abyss:1  | Noticed a large abomination
   212 | Abyss:1  | Noticed an iron imp
   216 | Abyss:1  | Noticed a glowing orange brain
   216 | Abyss:1  | Noticed a large abomination
   220 | Abyss:1  | Found a sacrificial altar of Ru.
   231 | Abyss:1  | Noticed a ynoxinul
   239 | Abyss:1  | Noticed an angel
   269 | Abyss:1  | Slain by an angel

Levels and vault maps discovered:
Abyss:1

Action                   || total
-------------------------++-------
  Use: Scroll            ||     2

Table legend:
 A = Non-vault XP
 B = Vault XP
 C = Vault XP percentage of total XP
 D = Non-vault monster count
 E = Vault monster count
 F = Vault count percentage of total count
                 A         B        C        D         E       F
            +---------+---------+-------+---------+---------+-------
      Total |       0 |       0 |   N/A |       0 |       0 |  -nan
            +---------+---------+-------+---------+---------+-------
            +---------+---------+-------+---------+---------+-------
